 Dungeon Crawl Stone Soup version 0.22-a0-303-g4a852b3 (webtiles) character file.

142 Amnesiac the Gusty (level 5, -13/29 HPs)
             Began as a Tengu Air Elementalist on Mar 27, 2018.
             Killed by divine providence
             ... invoked by an orc priest
              (15 damage)
             ... on level 3 of the Dungeon.
             The game lasted 00:06:08 (2830 turns).

Amnesiac the Gusty (Tengu Air Elementalist)         Turns: 2830, Time: 00:06:09

Health: -13/29     AC:  2    Str:  8    XL:     5   Next: 24%
Magic:  3/10       EV: 18    Int: 17    God:
Gold:   162        SH:  0    Dex: 19    Spells: 3/10 levels left

rFire    . . .     SeeInvis .   (no weapon)
rCold    . . .     Gourm    .   (no shield)
rNeg     . . .     Faith    .   a - +0 robe
rPois    .         Spirit   .   (helmet restricted)
rElec    .         Reflect  .   (no cloak)
rCorr    .         Harm     .   (no gloves)
MR       .....                  (boots unavailable)
Stlth    +++.......             (no amulet)
HPRegen  0.09/turn              (no ring)
MPRegen  0.12/turn              (no ring)

@: agile, very slightly contaminated
A: beak, talons 3, able to fly 1
a: Fly


You were on level 3 of the Dungeon.
You were not hungry.

You visited 1 branch of the dungeon, and saw 3 of its levels.

You collected 162 gold pieces.

Inventory:

Armour
 a - a +0 robe (worn)
Jewellery
 o - an uncursed ring of ice
Wands
 p - a wand of flame (22)
Scrolls
 e - a scroll of magic mapping {!r, unknown}
 g - a scroll of identify {!r, unknown}
 h - 5 scrolls of enchant weapon {!r, unknown}
 j - 2 scrolls of remove curse {!r, unknown}
 k - a scroll of enchant armour {!r, unknown}
 m - 2 scrolls of fog {!r, unknown}
 q - a scroll of fear {!r, unknown}
Potions
 b - a potion of agility {!q}
 d - a potion of invisibility {!q, unknown}
 i - a potion of degeneration {!q, unknown}
 l - 2 potions of curing {!q, unknown}
 n - 2 potions of might {!q, unknown}
Comestibles
 c - 4 rations
 f - 2 chunks of flesh


   Skills:
 - Level 1.0 Fighting
 - Level 2.1 Dodging
 - Level 2.0 Stealth
 + Level 3.1 Spellcasting
 - Level 1.3 Conjurations
 * Level 6.4 Air Magic


You had 3 spell levels left.
You knew the following spells:

 Your Spells              Type           Power        Failure   Level  Hunger
a - Shock                 Conj/Air       ###.         3%          1    None
c - Swiftness             Chrm/Air       ##......     7%          2    ##.....
d - Airstrike             Air            ###.......   12%         4    ####...


Dungeon Overview and Level Annotations

Branches:
Dungeon (3/15)

Altars:
Nemelex Xobeh
Qazlal


Innate Abilities, Weirdness & Mutations

You have a beak for a mouth.
You have claws for feet.
You can fly.


Message History

It was a potion of agility {!q}.
You feel agile all of a sudden.
Casting: Shock (safe; 3% risk of failure)
Confirm with . or Enter, or press ? or * to list all spells.
You don't know that spell.
Casting: Shock (safe; 3% risk of failure)
Confirm with . or Enter, or press ? or * to list all spells.
You don't know that spell.
Adjust (i)tems, (s)pells, or (a)bilities?
Adjust which spell? b - Swiftness Adjust to which letter? c - Swiftness; b - Airstrike Unknown command.
Adjust (i)tems, (s)pells, or (a)bilities?
Adjust which spell? c - Swiftness Adjust to which letter?
Okay, then.
Adjust (i)tems, (s)pells, or (a)bilities?
Adjust which spell? b - Airstrike Adjust to which letter? d - Airstrike
Casting: Shock (safe; 3% risk of failure)
Confirm with . or Enter, or press ? or * to list all spells.
Aiming: Airstrike (safe; 12% risk of failure)
Press: ? - help, Dir - move target cursor, f - orc priest
Aim: an orc priest, wielding a mace and wearing a ring mail You miscast Airstrike.
You are very lightly contaminated with residual magic.
Nothing appears to happen.
Casting: Airstrike (safe; 12% risk of failure)
Confirm with . or Enter, or press ? or * to list all spells.
Aiming: Shock (safe; 3% risk of failure)
Press: ? - help, Shift-Dir - straight line, f/p - orc priest
Aim: an orc priest, wielding a mace and wearing a ring mail The zap hits the orc priest.
The orc priest appears unharmed.
The zap hits the orc priest.
The orc priest is moderately wounded.
The orc priest closely misses you.
Casting: Shock (safe; 3% risk of failure)
Confirm with . or Enter, or press ? or * to list all spells.
Aiming: Shock (safe; 3% risk of failure)
Press: ? - help, Shift-Dir - straight line, f/p - orc priest
Aim: an orc priest, wielding a mace and wearing a ring mail (lightly wounded)
The zap hits the orc priest.
The orc priest is heavily wounded.
The zap hits the orc priest.
The orc priest appears unharmed.
The orc priest is heavily wounded.
The orc priest completely misses you.
Casting: Shock (safe; 3% risk of failure)
Confirm with . or Enter, or press ? or * to list all spells.
Aiming: Shock (safe; 3% risk of failure)
Press: ? - help, Shift-Dir - straight line, f/p - orc priest
Aim: an orc priest, wielding a mace and wearing a ring mail (heavily wounded)
The zap hits the orc priest.
The orc priest is heavily wounded.
The zap hits the orc priest.
The orc priest is severely wounded.
The orc priest calls down the wrath of Beogh upon you.
Beogh smites you!
Ouch! That really hurt!
You die...

....# #.### #.# ..... #.#
#.# . #.#.### #.# #.#
.......# #.# #.#
..#.#.#.######### #.# #.#
.......o....o.o.# #.# #..
###.##..#######.# #.# ##.
#..........##o# #.# ###..
#############@# #.# #...♣
§§§§§§§§# #.# ####.###...♣
§§§§§§§§# #.#####........#..
§§§§§§§§# #..........##.###.
§§§§§§§§#########....##.# #.
§§§######............##.###.
§§8#_..÷.....####..####.....
§§§######...#.###..# #####.
§§§§§§§§#...##.##..# ##


You could see 2 orc priests.

Vanquished Creatures
  A worker ant (D:3)
  Robin (D:1)
  3 adders (D:2)
  2 worms (D:2)
  2 dart slugs (D:2)
  2 leopard geckos
  An orc (D:2)
  A ball python (D:3)
  A giant cockroach (D:1)
  14 goblins
  10 hobgoblins
  8 kobolds
  A quokka (D:3)
  6 bats
  2 frilled lizards
  8 rats
63 creatures vanquished.

Notes
Turn   | Place    | Note
-------+----------+-------------------------------------------
     0 | D:1      | Amnesiac the Tengu Air Elementalist began the quest for the Orb.
     0 | D:1      | Reached XP level 1. HP: 10/10 MP: 4/4
   330 | D:1      | Reached XP level 2. HP: 11/15 MP: 0/6
   585 | D:1      | Found a sparkling altar of Nemelex Xobeh.
  1030 | D:2      | Reached skill level 5 in Air Magic
  1030 | D:2      | Reached XP level 3. HP: 14/20 MP: 2/7
  1092 | D:2      | Learned a level 2 spell: Swiftness
  1221 | D:2      | Reached skill level 1 in Fighting
  1221 | D:2      | Reached XP level 4. HP: 21/25 MP: 2/8
  1227 | D:2      | Learned a level 4 spell: Airstrike
  1437 | D:2      | Noticed Robin
  1496 | D:1      | Killed Robin
  1617 | D:2      | Reached skill level 6 in Air Magic
  2271 | D:3      | Gained mutation: You can fly. [Tengu growth]
  2271 | D:3      | Reached XP level 5. HP: 11/29 MP: 1/10
  2665 | D:3      | Found a stormy altar of Qazlal.
  2823 | D:3      | HP: 1/29 [orc priest/nerve-wracking pain (12)]
  2830 | D:3      | Killed from afar by an orc priest

Vault maps used:
D:1:      dpeg_arrival_chase, nemelex_diamond_rough_becter
D:2:      first_ration, uniq_robin
D:3:      nicolae_qazlal_eye_of_the_storm, grunt_ministairs_3,
          hangedman_decor_opposing, serial_park_tiny_1

Skill      XL: |  1  2  3  4 |
---------------+-------------+-----
Air Magic      | 5 6 |  6.4
Fighting       | 1 |  1.0
Spellcasting   | 3 |  3.1
Dodging        | |  2.1
Stealth        | |  2.0
Conjurations   | |  1.3

Action                   |  1- 3 |  4- 6 || total
-------------------------+-------+-------++-------
Melee: Unarmed           |    11 |     4 ||    15
       Peck              |     2 |     1 ||     3
       Kick              |     1 |     2 ||     3
 Cast: Shock             |    64 |    74 ||   138
       Swiftness         |       |     1 ||     1
  Use: Potion            |       |     1 ||     1
  Eat: Chunk             |     2 |     5 ||     7
Armor: Robe              |     9 |     3 ||    12
Dodge: Dodged            |    25 |    20 ||    45

Table legend:
 A = Spawn XP
 B = Non-spawn XP
 C = Spawn XP percentage of total XP
 D = Spawn monster count
 E = Non-spawn monster count
 F = Spawn count percentage of total count
 G = Total turns spent on level
                    A         B        C        D         E        F      G
               +---------+---------+-------+---------+---------+-------+---------
         Total |       0 |     203 |   0.0 |       0 |      63 |   0.0 |  2830
               +---------+---------+-------+---------+---------+-------+---------
           D:1 |       0 |      46 |   0.0 |       0 |      21 |   0.0 |  1116
           D:2 |       0 |     110 |   0.0 |       0 |      35 |   0.0 |  1115
           D:3 |       0 |      47 |   0.0 |       0 |       7 |   0.0 |   599
               +---------+---------+-------+---------+---------+-------+---------
